cohdb
Replays
Latest Replays
All Replays
Popular Replays
Top Player Replays
Match Explorer
How It Works
Community
CoH3 Stats
Reddit
Sign in to upload your games and track your stats! →
Sign in with Steam
Match 20084765
Unlisted
Match 20084765
Overview
Messages
Build Orders
End
Construct Barracks
Selects Armored Battlegroup
Selects Veteran Crews
1⁄4-ton 4x4 Truck
Riflemen Squad
Riflemen Squad
Riflemen Squad
Infantry Support Center
Construct Motor Pool
Selects Fast Deploy
M8 Greyhound Armored Car
Selects M31 Recovery Vehicle
M8 Greyhound Armored Car
Engineer Squad
Selects War Machine
M8 Greyhound Armored Car
M8 Greyhound Armored Car
Selects Seek and Destroy
Selects UNKNOWN (2160077)
M8 Greyhound Armored Car
M8 Greyhound Armored Car
M1 Anti-tank Gun Team
M8 Greyhound Armored Car
M8 Greyhound Armored Car
Tuan Tuan
Eilte
Rubberluck
MonoChrome
0
0
Comments
sign in to comment!
No comments posted yet!